 Dungeon Crawl Stone Soup version 0.28.0-49-g6dfe1f597d (webtiles) character file.

Game seed: 7977687138583976618

2916 Zeld the Spear-Bearer (level 9, 0/68 HPs)
             Began as a Merfolk Fighter on May 19, 2022.
             Was a Follower of Hepliaklqana.
             Killed from afar by a wight (26 damage)
             ... with a bolt of acid
             ... on level 7 of the Dungeon.
             The game lasted 00:10:33 (9442 turns).

Zeld the Spear-Bearer (Merfolk Fighter)             Turns: 9442, Time: 00:10:33

Health: 0/68       AC:  9    Str: 20    XL:     9   Next: 79%
Magic:  9/9        EV:  8    Int:  7    God:    Hepliaklqana [*.....]
Gold:   336        SH:  0    Dex: 14    Spells: 8/8 levels left

rFire   . . .      SeeInvis .   a - +0 halberd
rCold   . . .      Faith    .   (shield currently unavailable)
rNeg    . . .      Spirit   .   b - +0 plate armour
rPois   +          Reflect  .   g - +2 helmet
rElec   .          Harm     .   t - scarf {repulsion}
rCorr   .          Rampage  .   p - +2 pair of gloves
Will    .....                   (no boots)
Stlth   ..........              (no amulet)
HPRegen 0.21/turn               k - ring of poison resistance
MPRegen 0.11/turn               (no ring)

@: corroded, repel missiles
A: reduced essence, (nimble swimmer 2), mertail
a: Renounce Religion, Recall Ancestor, Ancestor Identity


You were on level 7 of the Dungeon.
You worshipped Hepliaklqana.
Hepliaklqana was aware of your devotion.
You visited 2 branches of the dungeon, and saw 9 of its levels.
You also visited: Ossuary.

You collected 533 gold pieces.
You spent 197 gold pieces at shops.

Inventory:

Hand Weapons
 a - a +0 halberd (weapon)
Armour
 b - a +0 plate armour (worn)
 g - a +2 helmet (worn)
 p - a +2 pair of gloves (worn)
 t - a scarf of repulsion (worn)
Jewellery
 h - a ring of resist corrosion
 k - a ring of poison resistance (left hand)
Wands
 q - a wand of polymorph (6)
 B - a wand of iceblast (5)
Scrolls
 c - 4 scrolls of silence {unknown}
 f - 4 scrolls of enchant armour {unknown}
 i - 5 scrolls of teleportation {unknown}
 j - 11 scrolls of identify {unknown}
 n - a scroll of blinking {unknown}
 o - a scroll of fear {unknown}
 r - a scroll of amnesia {unknown}
 w - a scroll of summoning {unknown}
 x - 2 scrolls of immolation {unknown}
 y - a scroll of enchant weapon {unknown}
Potions
 d - 3 potions of might
 e - 6 potions of curing
 l - 2 potions of attraction {unknown}
 m - 2 potions of brilliance {unknown}
 s - 2 potions of heal wounds {unknown}
 u - a potion of lignification {unknown}
 v - a potion of magic {unknown}
 z - a potion of haste {unknown}
 A - a potion of mutation {unknown}
Miscellaneous
 C - a box of beasts


   Skills:
 * Level 9.1 Fighting
 * Level 11.3 Polearms
 - Level 2.1 Armour
 + Level 6.8 Dodging
 - Level 6.0 Shields


You had 8 spell levels left.
You didn't know any spells.
Your spell library was empty.

Dungeon Overview and Level Annotations

Branches:
Dungeon (8/15)             Temple (1/1) D:6         Ossuary (visited)
   Lair: D:8-11

Altars:
Ashenzari
Cheibriados
Dithmenos
Elyvilon
Gozag
Hepliaklqana
Kikubaaqudgha
Makhleb
Nemelex Xobeh
Okawaru
Qazlal
Ru
Sif Muna
Trog
Uskayaw
Vehumet
Wu Jian
Yredelemnul
Zin
The Shining One

Shops:
D:6 =:*((


Innate Abilities, Weirdness & Mutations

Your life essence is reduced to manifest your ancestor. (-10% HP)
((You are very nimble when in or above water. (Stealth+, EV+, Speed+++)))
Your lower body shifts to a powerful aquatic tail in water.


Message History

The swamp worm closely misses you.
You closely miss the swamp worm.
The swamp worm is heavily wounded.
The swamp worm barely misses you.
You completely miss the swamp worm.
The swamp worm is heavily wounded.
The swamp worm barely misses you.
You puncture the swamp worm!
The swamp worm is severely wounded.
The swamp worm bites you!
You puncture the swamp worm!
You kill the swamp worm!
No target in view!
No target in view!
You swap places.
You see here 20 arrows.
Your legs become a tail as you enter the water.
C - a box of beasts You swap places.
Found a spear.
You open the door.
There is an open door here.
As you open the door, it creaks loudly!
There is an open door here.
j - 11 scrolls labelled KIEDOM AFOYHE (gained 1)
There is an open door here.
There are monsters nearby!
There are monsters nearby!
There are monsters nearby!
The wight zaps a wand.
The bolt of acid hits you!! The acid corrodes you!
The bolt of acid hits Tawil!!
The acid corrodes Tawil!
You reach to attack!
You puncture the wight!
The wight is severely damaged.
The wight zaps a wand.
The bolt of acid hits you!! The acid corrodes you!
You are too injured to fight recklessly!
You are too injured to fight recklessly!
Unknown command.
Unknown command.
The wight zaps a wand.
The bolt of acid hits you!!
You die...

........###)##.## ##
#.#......)>z##.# #
#...###.######.# #
###. #.# ##+## #
#.###.# #.# ##...## #
...z. ..# ##.....## #
#z.######.......## #
##.R.####.........####
#....@..'.........'...
##...####.........#.##
#..## ##............
.... ##....##'####
#.#.# ##...#......
#.#. ##+.#...... # #.
..#...... ..#......
#..#......


You could see the friendly Tawil the ancestor (corroded) and 2 wights.

Vanquished Creatures
  Grinder (D:6)
  2 wyverns
  A steam dragon (D:7)
  A swamp worm (D:7)
  A water moccasin (D:7)
  A black bear (D:6)
  A necrophage (D:5)
  3 ogres
  A phantom (D:3)
  2 elf zombies (Ossuary)
  Blork the orc (D:5)
  A bullfrog (D:6)
  4 scorpions
  6 killer bees (D:7)
  A wight (D:7)
  A bullfrog zombie (D:5)
  3 jellies
  2 bullfrog skeletons
  A centaur skeleton (D:6)
  2 hounds
  3 iguanas
  2 orc wizards (D:6)
  2 mummies (Ossuary)
  7 adders
  5 gnolls
  A shadow imp (D:3)
  3 worms
  A dart slug (D:4)
  10 orcs
  8 ball pythons
  4 endoplasms
  A giant cockroach (D:2)
  9 goblins
  8 hobgoblins
  6 jackals
  3 quokkas
  A bat (D:3)
  3 frilled lizards
  3 gnoll zombies (Ossuary)
  A goblin zombie (Ossuary)
  A hobgoblin zombie (Ossuary)
  12 kobolds
  3 orc zombies (Ossuary)
  7 rats
140 creatures vanquished.

Vanquished Creatures (collateral kills)
  A kobold brigand (D:7)
  2 centaur zombies
  A bullfrog skeleton (D:7)
  A gnoll (D:7)
  An orc (D:7)
  2 kobolds (D:7)
  A gnoll zombie (Ossuary)
  A goblin zombie (Ossuary)
  An orc zombie (Ossuary)
11 creatures vanquished.

Vanquished Creatures (others)
  3 ancestors
  4 plants (D:7)
7 creatures vanquished.

Grand Total: 158 creatures vanquished

Notes
Turn   | Place    | Note
-------+----------+-------------------------------------------
     0 | D:1      | Zeld the Merfolk Fighter began the quest for the Orb.
     0 | D:1      | Reached XP level 1. HP: 18/18 MP: 1/1
   363 | D:1      | Reached XP level 2. HP: 24/24 MP: 2/2
   798 | D:1      | Reached skill level 1 in Dodging
  1062 | D:1      | Reached XP level 3. HP: 26/30 MP: 3/3
  1575 | D:2      | Reached skill level 4 in Polearms
  1806 | D:2      | Reached XP level 4. HP: 37/37 MP: 4/4
  2826 | D:3      | Reached XP level 5. HP: 32/43 MP: 5/5
  2992 | D:4      | Noticed a phantom
  3032 | D:5      | Entered Level 5 of the Dungeon
  3076 | D:5      | Noticed Blork the orc
  3148 | D:3      | Killed a phantom
  3149 | D:3      | Reached skill level 5 in Polearms
  3469 | D:3      | Reached skill level 5 in Fighting
  3469 | D:3      | Reached XP level 6. HP: 23/51 MP: 6/6
  4179 | D:4      | Reached skill level 6 in Polearms
  5010 | D:5      | Noticed a necrophage
  5040 | D:5      | Killed a necrophage
  5041 | D:5      | Reached XP level 7. HP: 46/57 MP: 7/7
  5126 | D:5      | Found a basalt altar of Yredelemnul.
  5311 | D:5      | Killed Blork the orc
  5316 | D:5      | Reached skill level 7 in Polearms
  5823 | D:6      | Found a staircase to the Ecumenical Temple.
  5830 | D:6      | Noticed Grinder
  5834 | Temple   | Entered the Ecumenical Temple
  5980 | Temple   | Became a worshipper of Hepliaklqana the Forgotten
  6003 | D:6      | Killed Grinder
  6004 | D:6      | Reached skill level 8 in Polearms
  6004 | D:6      | Reached XP level 8. HP: 51/65 MP: 8/8
  6091 | D:6      | Found Anason's Weapon Emporium.
  6392 | D:6      | Reached skill level 5 in Shields
  6539 | D:6      | Reached skill level 5 in Dodging
  6781 | D:6      | Found Ynede's Book Shop.
  7006 | D:6      | Found Zohiofar's Jewellery Boutique.
  7025 | D:6      | Reached skill level 9 in Polearms
  7233 | D:6      | Found Zozxeihu's Assorted Antiques.
  7316 | D:6      | Bought a shiny fluorescent wand for 100 gold pieces
  7316 | D:6      | Bought a scroll labelled YMYILOY UJEE for 25 gold pieces
  7316 | D:6      | Bought a scroll labelled KIEDOM AFOYHE for 25 gold pieces
  7316 | D:6      | Bought a metallic orange potion for 22 gold pieces
  7316 | D:6      | Bought a scroll labelled KIEDOM AFOYHE for 25 gold pieces
  7420 | D:6      | Found Weganis's Antique Weapon Shop.
  7529 | D:6      | Reached * piety under Hepliaklqana
  7715 | D:7      | Found a shimmering blue altar of Sif Muna.
  7763 | D:7      | Noticed a wyvern
  7776 | D:7      | Killed a wyvern
  7777 | D:7      | Reached XP level 9. HP: 22/66 MP: 9/9
  7969 | D:7      | Reached skill level 10 in Polearms
  8008 | D:7      | Found a sand-covered staircase.
  8013 | Ossuary  | Entered an ossuary
  8839 | D:8      | Reached skill level 11 in Polearms
  9442 | D:7      | Killed from afar by a wight

Illustrated notes

Levels and vault maps discovered:
D:1:      dpeg_arrival_short_road, layout_basic
D:2:      layout_loops_cross
D:3:      layout_loops_cross
D:4:      layout_layer_cave
D:5:      layout_basic, kennysheep_little_box, uniq_blork_the_orc
D:6:      layout_basic, minmay_temple_entry_grid, serial_shops, shop,
          nicolae_shop_hallway_stairs, nicolae_shop_advertising_works
          [nicolae_subvault_shop_adworks], nicolae_shop_crystal, shop_fountains,
          uniq_grinder
D:7:      layout_loops_corners, led_sif_pool, enter_ossuary_2, minivault_25,
          worms_lemuel
D:8:      minmay_the_grid_plus_closed [minmay_the_grid_tiny_cups,
          minmay_the_grid_minigrid_small, minmay_the_grid_pillar_ring,
          minmay_the_grid_tree, minmay_the_grid_prize_shrinking_boxes],
          layout_gridville, minmay_shattered_shrine
Temple:   mainiacjoe_temple_coin_purse

Skill      XL: |  1  2  3  4  5  6  7  8  9 |
---------------+----------------------------+-----
Dodging        | 1 2 3 4 5 6 |  6.8
Polearms       | 4 5 6 8 9 11 | 11.3
Fighting       | 4 5 6 7 9 |  9.1
Shields        | 4 5 6 |  6.0
Armour         | |  2.1

Action                   |  1- 3 |  4- 6 |  7- 9 || total
-------------------------+-------+-------+-------++-------
Melee: Trident           |   121 |   177 |   131 ||   429
       Halberd           |       |       |   211 ||   211
       Unarmed           |       |       |    30 ||    30
       Tailslap          |       |       |     1 ||     1
Armor: Scale mail        |    46 |    63 |    74 ||   183
       Skin              |       |       |     2 ||     2
       Plate armour      |       |       |    95 ||    95
Dodge: Dodged            |    36 |    66 |   162 ||   264
Block: Buckler           |    17 |    40 |    23 ||    80
